 Dungeon Crawl Stone Soup version 0.19.0-19-g8c6edcc (webtiles) character file.

246 Leybi the Digger (level 6, -2/32 HPs)
             Began as a Gargoyle Earth Elementalist on Nov 13, 2016.
             Killed from afar by Mlkhall's ghost (6 damage)
             ... with a puff of frost
             ... on level 4 of the Dungeon.
             The game lasted 00:12:57 (4371 turns).

Leybi the Digger (Gargoyle Earth Elementalist)      Turns: 4371, Time: 00:12:58

Health: -2/32      AC:  6    Str: 11    XL:     6   Next: 11%
Magic:  12/12      EV: 11    Int: 18    God:
Gold:   119        SH:  0    Dex: 10    Spells: 1 memorised, 12 levels left

rFire  . . .     SeeInvis +     p - +0 whip
rCold  . . .     Gourm    .     c - +0 robe
rNeg   + . .     Faith    .     (no shield)
rPois  ∞         Spirit   .     (no helmet)
rElec  +         Reflect  .     (no cloak)
rCorr  .         Harm     .     (no gloves)
MR     .....                    (no boots)
Stlth  +.........               (no amulet)
                                (no ring)
                                l - ring of see invisible

@: heavily drained
A: negative energy resistance 1, electricity resistance, unbreathing,
petrification resistance, rot immunity, AC +4
a: no special abilities


You were on level 4 of the Dungeon.
You were not hungry.

You visited 1 branch of the dungeon, and saw 4 of its levels.

You collected 119 gold pieces.

Inventory:

Hand Weapons
 p - a +0 whip (weapon)
Missiles
 q - 61 stones (quivered)
Armour
 c - a +0 robe (worn)
Jewellery
 g - an uncursed amulet of harm
 l - a ring of see invisible (left hand)
 y - an uncursed amulet of guardian spirit
Wands
 x - a wand of hasting (2/9)
Scrolls
 a - 3 scrolls of enchant weapon
 b - a scroll of remove curse
 f - 2 scrolls of magic mapping {unknown}
 h - a scroll of enchant armour {unknown}
 j - 2 scrolls of recharging {unknown}
 k - a scroll of teleportation {unknown}
 o - a scroll of fog {unknown}
 r - a scroll of fear {unknown}
 s - a scroll of noise {unknown}
 t - a scroll of amnesia {unknown}
 w - 2 scrolls of identify
Potions
 m - 2 potions of lignification {unknown}
 n - 2 potions of heal wounds {unknown}
 u - a potion of invisibility {unknown}
 v - 2 potions of haste {unknown}
 z - a potion of curing {unknown}
 A - a potion of mutation {unknown}
 B - a potion of brilliance {unknown}
 C - a potion of magic {unknown}
 D - a potion of cancellation {unknown}
Books
 e - a book of Geomancy

   Spells                             Type                      Level
   a - Sandblast                      Earth                        1
   b - Passwall                       Transmutation/Earth          2
   c - Stone Arrow                    Conjuration/Earth            3
   d - Petrify                        Transmutation/Earth          4
   e - Lee's Rapid Deconstruction     Earth                        5
Comestibles
 d - 2 bread rations
 i - 5 meat rations


   Skills:
 - Level 1.9(0.3) Dodging
 - Level 2.4(0.8) Stealth
 * Level 4.4(2.7) Spellcasting
   Level 0.7(0.0) Transmutations
 + Level 5.5(3.8) Earth Magic


You had 12 spell levels left.
You knew the following spells:

 Your Spells              Type           Power        Failure   Level  Hunger
a - Sandblast             Erth           ###...       3%          1    #......


Dungeon Overview and Level Annotations

Branches:
Dungeon (4/15)
 Temple: D:4-7

Altars:
Ashenzari
The Shining One

Shops:
D:4 (

Annotations:
D:4 Eustachio; Mlkhall's ghost, novice OpIE


Innate Abilities, Weirdness & Mutations

You are resistant to torment.
Your stone body is resilient. (AC +4)
You are immune to poison.
You resist negative energy. (rN+)
You are resistant to electric shocks. (rElec)
You can survive without breathing.
You are immune to petrification.
You are immune to rotting.


Message History

You see here a scale mail.
C - a smoky blue potion
There is a stone staircase leading down here.
You open the door.
Mlkhall's ghost (novice Octopode Ice Elementalist) comes into view.
It is wielding a weapon of venom.
There is an open door here.
Mlkhall's ghost turns its malevolent gaze towards you.
Mlkhall's ghost stares at you and mumbles some strange words.
The puff of frost hits you!
Ouch! That really hurt!
Mlkhall's ghost wails.
Mlkhall's ghost casts a spell at you. The puff of frost hits you!
* * * LOW HITPOINT WARNING * * *
Mlkhall's ghost stares at you and mumbles some strange words.
The puff of frost hits you!
* * * LOW HITPOINT WARNING * * *
Mlkhall's ghost casts a spell at you. The puff of frost hits you!
You die...

##..........###.......##.####.#<#
##...........##.......##.# #.#.#
.#...........##.......##.# #.#.#
.#.###.......##.......##.####.#.#
.#.# #######.##..................
.#.# #W##........#.#....... .#.#
#.##........#.#....... .#.#
#W#########.#.#..####. .#.#
#....@...<#........... .#.#
#############.#...#### .###
............# .# 8##
#######.#...#### .###8...8
#.#....... ..##..... #.#..#####
..#_..... ..#..#..## ####.....
###..#.... ##8...8 #..#....


You could see Mlkhall's ghost.

Vanquished Creatures
  A phantom (D:4)
  6 adders
  An ooze (D:1)
  3 worms
  3 dart slugs
  2 leopard geckos
  4 orcs
  2 giant cockroaches
  8 hobgoblins
  11 jackals
  2 quokkas
  2 ball pythons
  4 bats
  6 frilled lizards
  9 goblins
  5 kobolds
  7 rats
76 creatures vanquished.

Notes
Turn   | Place    | Note
-------+----------+-------------------------------------------
     0 | D:1      | Leybi the Gargoyle Earth Elementalist began the quest for the Orb.
     0 | D:1      | Reached XP level 1. HP: 10/10 MP: 3/3
    63 | D:1      | Reached skill level 4 in Earth Magic
    64 | D:1      | Reached XP level 2. HP: 15/15 MP: 0/5
   827 | D:1      | Reached XP level 3. HP: 18/19 MP: 1/6
  1357 | D:2      | Reached XP level 4. HP: 24/24 MP: 4/8
  1422 | D:2      | Found a shattered altar of Ashenzari.
  1869 | D:2      | Reached skill level 5 in Earth Magic
  2242 | D:3      | Reached XP level 5. HP: 27/28 MP: 5/10
  3054 | D:4      | Noticed a phantom
  3065 | D:4      | Killed a phantom
  3065 | D:4      | Reached XP level 6. HP: 24/32 MP: 5/12
  3143 | D:4      | Found Giodar's Antique Weapon Shop.
  3183 | D:4      | Found a shattered altar of Ashenzari.
  3762 | D:4      | Noticed Eustachio
  4182 | D:4      | Found a glowing golden altar of the Shining One.
  4349 | D:4      | Noticed Mlkhall's ghost (novice OpIE)
  4371 | D:4      | Killed from afar by Mlkhall's ghost

Skill      XL: |  1  2  3  4  5 |
---------------+----------------+-----
Earth Magic    | 4 5 |  5.5
Spellcasting   | 3 4 |  4.4
Dodging        | |  1.9
Stealth        | |  2.4
Transmutations | |  0.7

Action                   |  1- 3 |  4- 6 || total
-------------------------+-------+-------++-------
Melee: Whip              |     9 |   116 ||   125
 Cast: Sandblast         |    55 |    83 ||   138
Evoke: Wand              |       |     1 ||     1
  Use: Scroll            |       |     3 ||     3
 Stab: Sleeping          |     1 |     1 ||     2
  Eat: Chunk             |     2 |     7 ||     9
       Bread ration      |       |     1 ||     1
Armor: Robe              |    19 |    66 ||    85
Dodge: Dodged            |    33 |   151 ||   184
